 Dungeon Crawl Stone Soup version 0.31-a0-1370-gf52a5a9ab3 (webtiles) character file.

Game seed: 12157316439312319571

71529 Wurlitzer the Brawler (level 15, 101/107 HPs)
             Began as a Gargoyle Monk on Sept 20, 2023.
             Was an Elder of Jiyva.
             Quit the game on level 15 of the Dungeon on Dec 23, 2023.
             The game lasted 00:56:26 (20522 turns).

Wurlitzer the Brawler (Gargoyle Monk)              Turns: 20522, Time: 00:56:26

Health: 101/107    AC: 31    Str: 21      XL:     15   Next: 37%
Magic:  15/15      EV: 19    Int: 11 (12) God:    Jiyva [****..]
Gold:   1634       SH: 13    Dex: 12      Spells: 14/14 levels left

rFire   . .          .
                       - Unarmed
rCold   . . .        C - +2 kite shield {AC+3}
rNeg    + . .        s - +3 leather armour {rPois}
rPois   ∞            (helmet restricted)
rElec   +            r - +0 cloak
rCorr   +            h - +0 pair of gloves
SInv    .            (no boots)
Will    +....        f - amulet of faith
Stlth   +            J - +5 ring of evasion
HPRegen 1.65/turn    p - +4 ring of slaying
MPRegen 0.78/turn

%: faith
@: flying
A: sickness immunity, AC +11, big wings, negative energy resistance 1,
electricity resistance, torment resistance 1, petrification resistance, antennae
1, talons 1, iridescent scales 2, deterioration 1, mutation resistance 1,
gelatinous body 3, MP-powered wands
a: Renounce Religion, Oozemancy, Slimify


You were on level 15 of the Dungeon.
You worshipped Jiyva.
Jiyva was greatly pleased with you.
You visited 4 branches of the dungeon, and saw 22 of its levels.
You also visited: Sewer and Ice Cave.

You collected 1634 gold pieces.

Inventory:

Missiles
 i - 6 atropa-tipped darts
 k - a throwing net
Armour
 c - an orb of light
 h - a +0 pair of gloves (worn)
 l - a +2 helmet of intelligence
 r - a +0 cloak (worn)
 s - a +3 leather armour of poison resistance (worn)
 C - a +2 kite shield of protection (worn)
 N - the -2 pair of boots of Hadjma {rN+}
   (You found it on level 5 of the Lair of Beasts)

   rN+:       It protects you from negative energy.
 U - a +0 helmet
Jewellery
 f - an amulet of faith (around neck)
 g - a ring of magical power
 p - a +4 ring of slaying (right hand)
 w - a ring of willpower
 y - a +4 ring of protection
 J - a +5 ring of evasion (left hand)
 T - a ring of positive energy
Wands
 n - a wand of flame (25)
 o - a wand of iceblast (16)
 t - a wand of charming (16)
 B - a wand of polymorph (8)
 D - a wand of quicksilver (16)
 M - a wand of digging (7)
Scrolls
 a - a scroll of poison
 e - a scroll of silence
 j - 3 scrolls of immolation
 q - 4 scrolls of enchant weapon
 u - 7 scrolls of teleportation
 x - a scroll of butterflies
 A - 2 scrolls of vulnerability
 K - 2 scrolls of amnesia
 L - 2 scrolls of revelation
 P - 3 scrolls of fear
 S - 2 scrolls of identify
Potions
 b - 3 potions of ambrosia
 d - 3 potions of haste
 m - 4 potions of mutation
 v - 2 potions of magic
 z - a potion of berserk rage
 E - 3 potions of invisibility
 F - 2 potions of enlightenment
 G - 3 potions of resistance
 H - 5 potions of lignification
 I - 3 potions of attraction
 Q - 2 potions of might
 R - a potion of brilliance
Miscellaneous
 O - a sack of spiders


   Skills:
 - Level 17.2 Fighting
 + Level 10.5 Armour
 - Level 2.4 Dodging
 + Level 10.5 Shields
 - Level 17.5 Unarmed Combat


You had 14 spell levels left.
You didn't know any spells.
Your spell library contained the following spells:

 Spells                   Type           Power      Damage    Failure   Level
 Apportation              Tloc           0%         N/A       58%         1
 Shock                    Conj/Air       0%         1d3       58%         1
 Summon Small Mammal      Summ           0%         N/A       58%         1
 Jinxbite                 Hex            0%         N/A       73%         2
 Static Discharge         Conj/Air       0%         3-3/arc   73%         2
 Call Canine Familiar     Summ           0%         N/A       91%         3
 Sigil of Binding         Hex            0%         N/A       91%         3
 Summon Guardian Golem    Hex/Summ       0%         N/A       91%         3
 Swiftness                Air            0%         N/A       91%         3
 Airstrike                Air            0%         2d(0-16)  100%        4
 Brom's Barrelling Bould  Conj/Erth      0%         2d3       100%        4
 Dimensional Bullseye     Hex/Tloc       0%         N/A       100%        4
 Leda's Liquefaction      Alch/Erth      0%         N/A       100%        4
 Summon Lightning Spire   Summ/Air       0%         N/A       100%        4
 Alistair's Intoxication  Alch           0%         N/A       100%        5
 Fireball                 Conj/Fire      0%         3d3       100%        5
 Iskenderun's Battlesphe  Conj           0%         2d6       100%        5
 Conjure Ball Lightning   Conj/Air       0%         3x3d6     100%        6
 Orb of Destruction       Conj           0%         9d5       100%        7
 Chain Lightning          Conj/Air       0%         N/A       100%        9
 Fire Storm               Conj/Fire      0%         5d1       100%        9
 Shatter                  Erth           0%         3d5*      100%        9


Dungeon Overview and Level Annotations

Branches:
Dungeon (15/15)            Temple (1/1) D:5            Lair (5/5) D:9
  Swamp (0/4) Lair:3        Snake (1/4) Lair:3        Slime (0/5) Lair:5
    Orc (0/2) D:11         Depths (0/4) D:15          Sewer (visited)
  IceCv (visited)
 Vaults: D:13-14

Altars:
Ashenzari
Cheibriados
Dithmenos
Elyvilon
Fedhas
Gozag
Hepliaklqana
Kikubaaqudgha
Makhleb
Nemelex Xobeh
Okawaru
Qazlal
Ru
Sif Muna
Trog
Uskayaw
Vehumet
Wu Jian
Xom
Yredelemnul
Zin
The Shining One
Jiyva

Shops:
D:8 :

Annotations:
Lair:5 exclusion: 3 oklob plants


Innate Abilities, Weirdness & Mutations

You are immune to sickness and miasma.
Your stone body is resilient. (AC +11)
You are immune to poison.
Your large and strong wings let you fly.
You resist negative energy. (rN+)
You are resistant to electric shocks. (rElec)
You are resistant to unholy torment.
You are immune to petrification.
You have a pair of small antennae on your head.
You have sharp toenails.
You are mostly covered in iridescent scales. (AC +4)
Your body sometimes deteriorates upon taking damage.
You are somewhat resistant to further mutation.
Your gelatinous body deflects attacks. (AC +3, EV +3)
You expend magic power (3 MP) to strengthen your wands.


Message History

There is an open door here.
You hear a distant slurping noise.
You hear a series of splatters.
You hear a distant slurping noise.
You hear a squelching noise.
There is an open door here.
You reach down and open the door.
There is an open door here.
You reach down and open the door.
There is an open door here.
You hear a distant slurping noise.
You hear a distant slurping noise.
You hear a distant slurping noise.
You reach down and open the door.
There is an open door here.
The stone giant shouts!
The stone giant throws a large rock.
The large rock hits you!!
Your body deteriorates!
You feel dopey.
A stone giant is nearby!
There is an open door here.
As you open the door, it creaks loudly!
There is an open door here.
Welcome back, Wurlitzer the Gargoyle Monk.
Slime for the Slime God!
Press ? for a list of commands and other information.
Welcome back, Wurlitzer the Gargoyle Monk.
Slime for the Slime God!
Press ? for a list of commands and other information.
Unknown command.
Unknown command.
Unknown command.
You hear a distant slurping noise.
You hear a squelching noise.
Jiyva gurgles merrily.
A stone giant is nearby!
The stone giant throws a large rock.
The large rock hits you.
Enter note: Annotate which branch? (. - D:15, ? - help, ! - show branch list)
Okay, then.
Unknown command.
Unknown command.
Are you sure you want to abandon this character and quit the game? (Confirm with "yes".)

.#....≈≈§≈§§...#####...........#.
.#...≈..≈..§§......#..##...)_♣(#.
.#.................#...#.......#[
.#........§§..C#...#...#.....(.##
##...#.###.....#...#...#.........
# #.# #.....#...#...#.......## #
#.# #.........###'#...~~..# # #.#
#.............#.~~~~..#
######.###......@.....^#{~~~~~~#
.......................#~~~~~~~#
....#.......#..........#########
....#.................<...#...#
..............................#
..............................#
###############################


You could see a stone giant.

Vanquished Creatures
  An ironbound preserver (D:13)
  A quicksilver ooze (shapeshifter) (Lair:1)
  A very ugly thing (D:13)
  A fire dragon (Lair:5)
  4 hydras
  5 centaur warriors
  A catoblepas (D:15)
  A two-headed ogre (D:9)
  2 boulder beetles
  A glowing orange brain (Lair:5)
  15 skeletal warriors
  2 spriggan simulacra (IceCv)
  A swamp dragon (Lair:5)
  Pikel (D:5)
  2 deep elf pyromancers
  7 ugly things
  An oklob plant (Lair:5)
  3 manticores
  3 wolf spiders
  14 elephants
  A cyclops (D:11)
  A guardian serpent (Lair:5)
  An ice statue (D:14)
  13 cane toads
  7 black mambas
  Maggie (D:7)
  An unseen horror (D:11)
  2 kobold demonologists
  8 komodo dragons
  A freezing wraith (D:14)
  3 rime drakes
  3 tengu conjurers (D:14)
  8 trolls
  An ice devil (IceCv)
  4 hornets
  2 polar bears
  Prince Ribbit (D:7)
  3 blink frogs (Lair:3)
  6 dream sheep (Lair:3)
  A snapping turtle (D:10)
  A raiju (Lair:2)
  A culicivora (shapeshifter) (Lair:2)
  3 centaur simulacra
  A vampire (D:13)
  Sigmund (D:4)
  5 wraiths
  12 wyverns
  A golden eye (Lair:5)
  37 yaks
  8 basilisks
  4 steam dragons
  A redback (Lair:5)
  A minotaur simulacrum (IceCv)
  4 vampire mosquitoes (D:10)
  28 water moccasins
  3 acid dragons (Lair:5)
  3 orc warriors
  An ice beast (D:5)
  A sky beast (Lair:5)
  3 black bears
  An ogre (D:5)
  A boggart (Lair:5)
  10 wolves
  2 centaurs (D:13)
  2 phantoms (D:6)
  2 kobold brigands
  12 bullfrogs
  5 wights (D:6)
  8 killer bees
  6 howler monkeys
  3 electric eels (Lair:3)
  10 orc priests
  A gnoll bouda (D:9)
  A jelly (D:6)
  Ijyb (D:4)
  5 hounds
  11 orc wizards
  A sleepcap (D:6)
  6 iguanas
  Robin (D:4)
  6 gnolls
  8 adders
  2 worms
  3 dart slugs
  37 orcs
  3 ball pythons
  11 bats
  7 endoplasms
  6 giant cockroaches
  11 goblins
  9 hobgoblins
  10 jackals
  18 kobolds
  4 quokkas
  4 frilled lizards
  9 rats
491 creatures vanquished.

Vanquished Creatures (collateral kills)
  A boulder beetle (D:12)
  A death drake (Lair:1)
  A cane toad (Lair:5)
  A culicivora (D:12)
  7 yaks
  A redback (Lair:5)
  A wolf (Lair:3)
  A killer bee (D:10)
  A howler monkey (D:10)
  A kobold (D:10)
16 creatures vanquished.

Vanquished Creatures (others)
  A manticore (D:14)
  A cane toad (Lair:5)
  A tengu conjurer (D:14)
  4 yaks (Lair:2)
  A water moccasin (Lair:2)
  3 jellies
11 creatures vanquished.

Grand Total: 518 creatures vanquished

Notes
Turn   | Place    | Note
-------+----------+-------------------------------------------
     0 | D:1      | Wurlitzer the Gargoyle Monk began the quest for the Orb.
     0 | D:1      | Reached XP level 1. HP: 14/14 MP: 1/1
    99 | D:1      | Reached XP level 2. HP: 4/19 MP: 2/2
   431 | D:1      | Reached XP level 3. HP: 23/23 MP: 3/3
  1225 | D:2      | Reached XP level 4. HP: 28/28 MP: 4/4
  1269 | D:2      | Reached skill level 5 in Unarmed Combat
  1572 | D:2      | Found a faded altar of an unknown god.
  1978 | D:3      | Reached XP level 5. HP: 32/32 MP: 5/5
  2351 | D:3      | Reached XP level 6. HP: 36/37 MP: 6/6
  2985 | D:4      | Noticed Sigmund
  3001 | D:4      | Killed Sigmund
  3357 | D:4      | Noticed Ijyb
  3358 | D:4      | Noticed Robin
  3368 | D:4      | Killed Ijyb
  3369 | D:4      | Reached XP level 7. HP: 44/44 MP: 7/7
  3370 | D:4      | Killed Robin
  3385 | D:4      | Found a blossoming altar of Fedhas.
  3779 | D:5      | Entered Level 5 of the Dungeon
  3822 | D:5      | Reached skill level 5 in Fighting
  3912 | D:5      | Noticed Pikel
  3933 | D:5      | Killed Pikel
  3934 | D:5      | Reached XP level 8. HP: 50/52 MP: 8/8
  3959 | D:5      | Found a glowing drain.
  3986 | Sewer    | Entered a sewer
  4083 | D:5      | Found a staircase to the Ecumenical Temple.
  4090 | Temple   | Entered the Ecumenical Temple
  4104 | Temple   | Became a worshipper of Xom of Chaos
  4493 | D:6      | XOM: cloud trail
  4550 | D:6      | XOM: cast spell 'Summon Mana Viper'
  4603 | D:6      | XOM: silly message
  4656 | D:6      | Found an ornate altar of the Wu Jian Council.
  4664 | D:6      | XOM: noise
  4689 | D:6      | Reached XP level 9. HP: 50/59 MP: 9/9
  5042 | D:6      | XOM: 1-stop teleportation journey
  5149 | D:6      | XOM: chaos cloud
  5234 | D:6      | XOM: silly message
  5333 | D:6      | XOM: divination: magic mapping
  5614 | D:7      | XOM: silly message
  5666 | D:7      | Noticed Maggie
  5689 | D:7      | Killed Maggie
  5690 | D:7      | Reached skill level 10 in Unarmed Combat
  5745 | D:7      | XOM: divination: detect creatures
  5955 | D:7      | Noticed Prince Ribbit
  5962 | D:7      | XOM: divination: detect items
  5972 | D:7      | Killed Prince Ribbit
  6012 | D:7      | XOM: noise
  6140 | D:7      | Noticed a hornet
  6147 | D:7      | Killed a hornet
  6196 | D:7      | XOM: cloud trail
  6253 | D:7      | XOM: silly message
  6359 | D:8      | Found Waeroogu's Vocational Training.
  6415 | D:8      | Noticed a hornet
  6432 | D:8      | Killed a hornet
  6433 | D:8      | Reached skill level 10 in Fighting
  6438 | D:8      | XOM: divination: magic mapping
  6441 | D:8      | Reached XP level 10. HP: 52/68 MP: 10/10
  6557 | D:8      | XOM: divination: detect items
  6574 | D:8      | XOM: noise
  6688 | D:8      | XOM: scenery: create altars
  7006 | D:9      | XOM: noise
  7006 | D:9      | Noticed an elephant
  7020 | D:9      | XOM: potion effect (might)
  7024 | D:9      | Killed an elephant
  7025 | D:9      | Reached skill level 1 in Armour
  7025 | D:9      | Reached skill level 1 in Shields
  7030 | D:9      | XOM: confuse monster(s)
  7051 | D:9      | XOM: enchant monster (good)
  7071 | D:9      | Found a staircase to the Lair.
  7079 | D:9      | XOM: enchant monster (bad)
  7241 | D:9      | XOM: silly message
  7438 | D:9      | Found a sparkling altar of Nemelex Xobeh.
  7475 | D:9      | XOM: confuse monster(s)
  7484 | D:9      | Reached skill level 5 in Armour
  7484 | D:9      | Reached skill level 5 in Shields
  7493 | D:9      | XOM: cloud trail
  7519 | D:9      | Noticed a two-headed ogre
  7524 | D:9      | XOM: cleaving
  7526 | D:9      | Killed a two-headed ogre
  7617 | D:9      | XOM: give mutation
  7617 | D:9      | Gained mutation: You have a pair of small antennae on your
                  | head. [Xom's mischief]
  7671 | D:9      | Reached XP level 11. HP: 72/72 MP: 11/11
  7726 | D:10     | Entered Level 10 of the Dungeon
  7730 | D:10     | XOM: blink monster(s)
  7742 | D:10     | Noticed a sun demon
  7750 | D:10     | Noticed a sun demon
  7755 | D:10     | XOM: confuse monster(s)
  7763 | D:10     | Noticed a soul eater
  7769 | D:10     | XOM: blink monster(s)
  7771 | D:10     | XOM: scenery: summon butterflies
  7864 | D:10     | Found a burning altar of Makhleb.
  7956 | D:10     | Noticed a two-headed ogre
  7959 | D:10     | a two-headed ogre changed into a snapping turtle
  7959 | D:10     | XOM: polymorph two-headed ogre -> snapping turtle
  7987 | D:10     | XOM: 3-stop teleportation journey
  8001 | D:10     | XOM: summons 5 friendly demons
  8096 | D:10     | XOM: enchant monster (good)
  8205 | D:10     | XOM: confuse monster(s)
  8281 | D:10     | XOM: cast spell 'Call Canine Familiar'
  8305 | D:10     | XOM: god gift: encrusted onyx ring {god gift}
  8565 | D:10     | XOM: fog
  8615 | D:10     | XOM: god gift: chain mail {god gift}
  8703 | D:11     | Noticed a cyclops
  8706 | D:11     | XOM: scenery: 1 doors open, 2 doors close
  8718 | D:11     | Killed a cyclops
  8992 | D:11     | Found a staircase to the Orcish Mines.
  8992 | D:11     | XOM: 4-stop teleportation journey
  9015 | D:11     | XOM: summons friendly ufetubus
  9025 | D:11     | XOM: cleaving
  9168 | D:11     | XOM: divination: magic mapping
  9181 | D:11     | XOM: noise
  9203 | D:11     | Noticed a skeletal warrior
  9203 | D:11     | Noticed a skeletal warrior
  9203 | D:11     | Noticed a skeletal warrior
  9210 | D:11     | XOM: confuse monster(s)
  9214 | D:11     | Killed a skeletal warrior
  9222 | D:11     | XOM: summons 5 friendly demons
  9223 | D:11     | Killed a skeletal warrior
  9230 | D:11     | Killed a skeletal warrior
  9726 | D:12     | Noticed a boulder beetle
  9727 | D:12     | Noticed a manticore
  9728 | D:12     | a manticore changed into a culicivora
  9728 | D:12     | XOM: polymorph manticore -> culicivora
  9729 | D:12     | Noticed a manticore
  9735 | D:11     | XOM: blink monster(s)
  9736 | D:11     | XOM: summons 2 hostile demons
  9743 | D:11     | Reached XP level 12. HP: 50/77 MP: 12/12
  9768 | D:11     | XOM: give mutation
  9768 | D:11     | Gained mutation: You have a somewhat thin skeletal
                  | structure. (Dex +2, Stealth+) [Xom's mischief]
  9895 | D:12     | XOM: 1-stop teleportation journey
  9907 | D:12     | XOM: summons 5 friendly demons
  9926 | D:12     | Killed a boulder beetle
  9927 | D:12     | Reached skill level 10 in Armour
  9927 | D:12     | Reached skill level 10 in Shields
 10020 | D:12     | XOM: give mutations
 10020 | D:12     | Gained mutation: You are partially covered in iridescent
                  | scales. (AC +2) [Xom's mischief]
 10020 | D:12     | Gained mutation: You are weak. (Str -2) [Xom's mischief]
 10020 | D:12     | Gained mutation: You are somewhat resistant to further
                  | mutation. [Xom's mischief]
 10020 | D:12     | Lost mutation: You have a somewhat thin skeletal structure.
                  | (Dex +2, Stealth+) [Xom's mischief]
 10178 | D:12     | Found a blossoming altar of Fedhas.
 10212 | D:12     | XOM: cast spell 'Leda's Liquefaction'
 10367 | D:13     | XOM: enchant monster (bad)
 10369 | D:13     | XOM: confuse monster(s)
 10370 | D:13     | XOM: noise
 10479 | D:13     | XOM: 4-stop teleportation journey
 10480 | D:13     | Noticed a centaur warrior
 10483 | D:13     | Noticed a centaur warrior
 10487 | D:13     | XOM: potion effect (heal wounds)
 10490 | D:13     | XOM: noise
 10498 | D:13     | XOM: silly message
 10504 | D:13     | Killed a centaur warrior
 10504 | D:13     | XOM: blink monster(s)
 10816 | D:13     | Noticed a boulder beetle
 10818 | D:13     | Noticed a centaur warrior
 10828 | D:12     | XOM: confuse monster(s)
 10839 | D:12     | XOM: potion effect (heal wounds)
 10840 | D:12     | XOM: cast spell 'Summon Horrible Things'
 10843 | D:12     | Killed a boulder beetle
 10944 | Lair:1   | Entered Level 1 of the Lair of Beasts
 10945 | Lair:1   | XOM: summons friendly crimson imp
 10966 | Lair:1   | XOM: summons 1 hostile demon
 11005 | Lair:1   | XOM: enchant monster (bad)
 11029 | Lair:1   | XOM: enchant monster (bad)
 11250 | Lair:1   | XOM: noise
 11403 | Lair:1   | XOM: fake destruction
 11420 | Lair:1   | XOM: cast spell 'Death Channel'
 11423 | Lair:1   | XOM: polymorph elephant -> death drake
 11430 | Lair:1   | XOM: scenery: 1 doors open
 11431 | Lair:1   | XOM: cleaving
 11728 | Lair:1   | XOM: polymorph wolf -> glowing shapeshifter
 11729 | Lair:1   | a glowing shapeshifter changed into an anaconda
 11729 | Lair:1   | Noticed an anaconda (glowing shapeshifter)
 11730 | Lair:1   | XOM: divination: detect items
 11732 | Lair:1   | an anaconda changed into a fire dragon
 11732 | Lair:1   | Noticed a fire dragon (glowing shapeshifter)
 11734 | Lair:1   | a fire dragon changed into a quicksilver ooze
 11734 | Lair:1   | Noticed a quicksilver ooze (glowing shapeshifter)
 11735 | Lair:1   | XOM: destruction
 11738 | Lair:1   | a quicksilver ooze changed into a broodmother
 11738 | Lair:1   | Noticed a broodmother (glowing shapeshifter)
 11741 | Lair:1   | XOM: potion effect (berserk rage)
 11741 | Lair:1   | a broodmother changed into a quicksilver ooze
 11741 | Lair:1   | Noticed a quicksilver ooze (glowing shapeshifter)
 11747 | Lair:1   | Killed a quicksilver ooze
 11748 | Lair:1   | Reached XP level 13. HP: 86/86 MP: 13/13
 11805 | Lair:2   | XOM: divine lightning
 11817 | Lair:2   | XOM: divine lightning
 11819 | Lair:2   | XOM: polymorph yak -> raiju
 11822 | Lair:2   | XOM: god gift: flail {god gift}
 11833 | Lair:2   | XOM: enchant monster (bad)
 11960 | Lair:2   | XOM: polymorph cane toad -> shapeshifter
 11970 | Lair:2   | XOM: god gift: 6 stones
 12046 | Lair:2   | XOM: 4-stop teleportation journey
 12395 | Lair:2   | XOM: summons 7 hostile demons
 12425 | Lair:2   | XOM: give mutations
 12425 | Lair:2   | Gained mutation: Your flesh is heat resistant. (rF+) [Xom's
                  | mischief]
 12425 | Lair:2   | Lost mutation: Your flesh is heat resistant. (rF+) [Xom's
                  | mischief]
 12526 | Lair:3   | Found a staircase to the Snake Pit.
 12546 | Lair:3   | XOM: summons 6 hostile demons
 12548 | Lair:3   | XOM: scenery: create altars
 12552 | Lair:3   | XOM: draining
 12572 | Lair:3   | XOM: noise
 12647 | Lair:3   | Found a staircase to the Swamp.
 12647 | Lair:3   | XOM: 9-stop teleportation journey
 12676 | Lair:3   | Found a gate leading to a gauntlet.
 12817 | Lair:3   | XOM: confusion
 12822 | Lair:3   | XOM: give mutations
 12822 | Lair:3   | Gained mutation: Your body sometimes deteriorates upon
                  | taking damage. [Xom's mischief]
 12822 | Lair:3   | Lost mutation: You are weak. (Str -2) [Xom's mischief]
 12822 | Lair:3   | Gained mutation: You have sharp toenails. [Xom's mischief]
 12830 | Lair:3   | XOM: confusion
 12831 | Lair:3   | XOM: stat loss: -1 Int (11/12)
 12842 | Lair:3   | XOM: 1-stop teleportation journey
 12851 | Lair:3   | XOM: confuse monster(s)
 13117 | Lair:3   | XOM: summons 11 friendly demons
 13122 | Lair:3   | XOM: scenery: create altars
 13249 | Lair:3   | XOM: cloud trail
 13367 | Lair:3   | XOM: god gift: faintly glowing scale mail {god gift}
 13367 | Lair:3   | Identified the +0 scale mail of the Squeaky God {+Inv rC-
                  | Will+} (Xom gifted it to you on level 3 of the Lair of
                  | Beasts)
 13428 | Lair:3   | XOM: divination: detect items
 13618 | Snake:1  | Entered Level 1 of the Snake Pit
 13619 | Snake:1  | XOM: cast spell 'Alistair's Intoxication'
 13660 | Lair:4   | XOM: cast spell 'Summon Ice Beast'
 13775 | Lair:4   | XOM: silly message
 13817 | Lair:4   | XOM: silly message
 13883 | Lair:4   | XOM: silly message
 14269 | Lair:4   | XOM: 1-stop teleportation journey
 14409 | Lair:5   | Entered Level 5 of the Lair of Beasts
 14510 | Lair:5   | XOM: god gift: +2 scale mail of cold resistance
 14574 | Lair:5   | XOM: destruction
 14580 | Lair:5   | XOM: fog
 14594 | Lair:5   | Reached skill level 15 in Unarmed Combat
 14603 | Lair:5   | XOM: polymorph wyvern -> golden eye
 14612 | Lair:5   | XOM: polymorph water moccasin -> boggart
 14616 | Lair:5   | XOM: cleaving
 14652 | Lair:5   | XOM: potion effect (might)
 14654 | Lair:5   | XOM: summons friendly iron imp
 14701 | Lair:5   | XOM: polymorph iron imp -> crimson imp
 14891 | Lair:5   | XOM: summons friendly white imp
 14913 | Lair:5   | XOM: polymorph wyvern -> sky beast
 14919 | Lair:5   | Gained mutation: Your large and strong wings let you fly.
                  | [Gargoyle growth]
 14919 | Lair:5   | Reached XP level 14. HP: 87/96 MP: 14/14
 14989 | Lair:5   | XOM: cast spell 'Summon Horrible Things'
 15087 | Lair:5   | XOM: divination: magic mapping
 15159 | Lair:5   | XOM: enchant monster (good)
 15167 | Lair:5   | Reached skill level 15 in Fighting
 15308 | Lair:5   | XOM: god gift: 55 gold pieces
 15765 | Lair:5   | XOM: enchant monster (bad)
 15773 | Lair:5   | XOM: enchant monster (good)
 15780 | Lair:5   | XOM: 2-stop teleportation journey
 15792 | Lair:5   | XOM: silly message
 16086 | Lair:5   | XOM: polymorph wolf spider -> glowing orange brain
 16093 | Lair:5   | XOM: enchant monster (good)
 16100 | Lair:5   | XOM: summons 7 friendly demons
 16139 | Lair:5   | XOM: cast spell 'Death Channel'
 16155 | Lair:5   | XOM: scenery: summon butterflies
 16442 | Lair:5   | XOM: cleaving
 16447 | Lair:5   | XOM: cast spell 'Summon Horrible Things'
 16450 | Lair:5   | XOM: butterfly on damage
 16635 | Lair:5   | XOM: give mutations
 16635 | Lair:5   | Gained mutation: You are mostly covered in iridescent
                  | scales. (AC +4) [Xom's grace]
 16635 | Lair:5   | Gained mutation: You have razor-sharp toenails. [Xom's
                  | grace]
 16731 | Lair:5   | Found a viscous altar of Jiyva.
 17002 | Lair:5   | XOM: confuse monster(s)
 17017 | Lair:5   | Identified the -2 pair of boots of Hadjma {rN+}
 17026 | Lair:5   | XOM is BORED!
 17080 | Lair:5   | XOM: god gift: 4 stones
 17322 | Lair:5   | XOM: god gift: staff of cold
 17482 | Lair:5   | Found a staircase to the Slime Pits.
 17484 | Lair:5   | XOM: cleaving
 17498 | Lair:5   | HP: 3/99 [oklob plant/splash of acid (23)]
 17499 | Lair:5   | XOM: confuse monster(s)
 17500 | Lair:5   | Fell from the grace of Xom
 17500 | Lair:5   | Became a worshipper of Jiyva Jitsasch the Shapeless
 18185 | D:13     | Noticed an ironbound preserver
 18206 | D:13     | Killed an ironbound preserver
 18367 | D:13     | XOM: summons 2 hostile shadow creatures
 18518 | D:13     | Noticed a red very ugly thing
 18535 | D:13     | Reached * piety under Jiyva
 18539 | D:13     | Killed a red very ugly thing
 18760 | D:14     | Found a frozen archway.
 18781 | IceCv    | Entered an ice cave
 18852 | IceCv    | Reached XP level 15. HP: 33/105 MP: 15/15
 19121 | D:14     | XOM: noise
 19167 | D:14     | Reached ** piety under Jiyva
 19588 | D:14     | Reached *** piety under Jiyva
 19644 | D:15     | Entered Level 15 of the Dungeon
 19656 | D:15     | XOM: 3-stop teleportation journey
 19756 | D:15     | XOM: noise
 19766 | D:15     | XOM: cloud trail
 19789 | D:15     | Lost mutation: You have razor-sharp toenails. [Jiyva's
                  | grace]
 19789 | D:15     | Gained mutation: Your rubbery body absorbs attacks. (AC +1,
                  | EV +1) [Jiyva's grace]
 19789 | D:15     | Gained mutation: Your pliable body absorbs attacks. (AC +2,
                  | EV +2) [Jiyva's grace]
 19789 | D:15     | Gained mutation: Your gelatinous body deflects attacks. (AC
                  | +3, EV +3) [Jiyva's grace]
 19789 | D:15     | Gained mutation: You expend magic power (3 MP) to
                  | strengthen your wands. [Jiyva's grace]
 19796 | D:15     | Found a staircase to the Depths.
 19798 | D:15     | Reached **** piety under Jiyva
 19805 | D:15     | XOM: silly message
 19829 | D:15     | Found an ornate altar of the Wu Jian Council.
 20446 | D:15     | Upgraded the game from 0.31-a0-806-g0bc164a743 to
                  | 0.31-a0-1308-ga3cce3a448
 20446 | D:15     | Upgraded the game from 0.31-a0-1308-ga3cce3a448 to
                  | 0.31-a0-1370-gf52a5a9ab3
 20522 | D:15     | Quit the game

Illustrated notes

Levels and vault maps discovered:
D:1:      kennysheep_arrival_forest, layout_basic, item_on_display_a
D:2:      minmay_razor_zed, layout_basic,
          shapermc_ecumenical_altar_mp_urbaneastern
D:3:      layout_basic
D:4:      layout_basic, kennysheep_mini_moat, minmay_misc_feat_rugged,
          nicolae_goblin_pals, uniq_sigmund
D:5:      layout_rooms, minmay_temple_entry_waves, portal_sewer_entry_a,
          uniq_pikel
D:6:      layout_basic, overflow_temple_1_default, minmay_door_square,
          kennysheep_pointless_box, minmay_holes,
          corexii_item_surrounded_by_moat
D:7:      layout_loops_ring, uniq_maggie, uniq_prince_ribbit1
D:8:      layout_cave_pools, minmay_misc_feat_columns, nicolae_shop_vocational
D:9:      layout_loops_cross, nemelex_diamond_rough_becter, david_lair_generic
D:10:     layout_loops_ring, minivault_25_ag, david_defended_altar_orc
D:11:     layout_roguey, david_orc_3
D:12:     layout_cave_pools, statue_in_the_mist_lemuel, fedhas_altar_4
D:13:     layout_cave_pools, skrybe_vaults_entry_preservation,
          minmay_fractal_squares_gapless_7
D:14:     layout_gridville, portal_ice_cave_entry_ice_statue_one
D:15:     grunt_enter_depths_giant_problem, layout_stronghold, nrook_uturn,
          nzn_wu_jian_contemplation
Temple:   nicolae_temple_bog_church
Lair:1:   layout_regular_city
Lair:2:   layout_misc_corridors, serial_rivers, chequers_serial_rivers_micro_a,
          chequers_serial_rivers_small_b, chequers_serial_rivers_small_3,
          chequers_serial_rivers_micro_a, chequers_serial_rivers_micro_b,
          chequers_serial_rivers_micro_d
Lair:3:   layout_chaotic_city, minmay_swamp_entry_eels,
          minmay_snake_entry_six_corridors, gauntlet_entry_generic,
          nicolae_lair_run_with_the_wolves
Lair:4:   layout_misc_corridors, serial_bayou_shore_a
Lair:5:   hangedman_lair_tendril_chambers, layout_regular_city,
          guppyfry_lair_end_dragon, minmay_slime_entry_oklob_enclosed,
          dreamdust_deal_with_the_devil, st_stairs_10
Snake:1:  layout_basic, grunt_ministairs_5

Skill      XL: |  1  2  3  4  5  6  7  8  9 10 11 12 13 14 15 |
---------------+----------------------------------------------+-----
Unarmed Combat | 4 5 6 7 8 9 11 12 13 15 17 | 17.5
Fighting       | 4 6 8 10 12 14 16 17 | 17.2
Armour         | 5 9 10 | 10.5
Shields        | 5 9 10 | 10.5
Dodging        | |  2.4

Action                     |  1- 3 |  4- 6 |  7- 9 | 10-12 | 13-15 || total
---------------------------+-------+-------+-------+-------+-------++-------
  Melee: Unarmed           |   106 |   160 |   208 |   657 |   907 ||  2038
         Kick              |       |       |       |       |   305 ||   305
    Use: Scroll            |     3 |     4 |     8 |     9 |     6 ||    30
         Potion            |       |       |     1 |    15 |    10 ||    26
   Stab: Confused          |       |       |       |     6 |     2 ||     8
         Paralysed         |       |       |       |       |     2 ||     2
         Petrified         |       |       |       |       |     2 ||     2
         Distracted        |       |       |       |       |     1 ||     1
 Armour: Robe              |    66 |    71 |       |       |       ||   137
         Scale mail        |       |     3 |    12 |       |       ||    15
         Leather armour    |       |       |   123 |   315 |   564 ||  1002
  Dodge: Dodged            |    60 |    88 |   100 |   265 |   624 ||  1137
  Block: Kite shield       |       |       |    21 |   372 |   631 ||  1024

Table legend: (Time is in decaauts)
 A = Elapsed time spent in this place.
 B = Non-inter-level travel time spent in this place.
 C = Inter-level travel time spent in this place.
 D = Time resting spent in this place.
 E = Time spent auto-exploring this place.
 F = Levels seen in this place.
 G = Mean time per level.
                   A        B        C        D        E       F      G
               +--------+--------+--------+--------+--------+-----+--------+
         Total |  20334 |  19319 |   1015 |   3389 |  10947 |  24 |  847.2 |
       Dungeon |  13219 |  12462 |    757 |   1754 |   7697 |  15 |  881.3 |
        Temple |     29 |     16 |     13 |      0 |      0 |   1 |   29.0 |
          Lair |   6930 |   6685 |    245 |   1619 |   3225 |   5 | 1386.0 |
     Snake Pit |      1 |      1 |      0 |      0 |      0 |   1 |    1.0 |
         Sewer |     73 |     73 |      0 |      0 |     25 |   1 |   73.0 |
      Ice Cave |     80 |     80 |      0 |     16 |      0 |   1 |   80.0 |
               +--------+--------+--------+--------+--------+-----+--------+

Top non-repeatable levels by time:
  Lair:5: 3396 daAuts
    D:11: 1285 daAuts
  Lair:3: 1183 daAuts
     D:1: 1101 daAuts
    D:12: 1041 daAuts
     D:6: 1031 daAuts
     D:4: 979 daAuts
     D:2: 956 daAuts
    D:10: 953 daAuts
     D:9: 900 daAuts
    D:14: 895 daAuts
    D:15: 860 daAuts
  Lair:4: 830 daAuts
     D:7: 816 daAuts
  Lair:1: 807 daAuts
